 Dungeon Crawl Stone Soup version 0.25-a0-890-g62861fb195 (webtiles) character file.

Game seed: 4903683296122640807, levelgen mode: deterministic

11 Hasart the Insei (level 2, 0/18 HPs)
             Began as an Octopode Transmuter on May 2, 2020.
             Slain by a leopard gecko (3 damage)
             ... on level 1 of the Dungeon.
             The game lasted 00:01:04 (267 turns).

Hasart the Insei (Octopode Transmuter)               Turns: 267, Time: 00:01:05

Health: 0/18       AC:  1    Str:  9    XL:     2   Next: 29%
Magic:  5/5        EV: 13    Int: 15    God:
Gold:   0          SH:  0    Dex: 12    Spells: 4/5 levels left

rFire    . . .     SeeInvis .     - Unarmed
rCold    . . .     Gourm    .   (no shield)
rNeg     . . .     Faith    .   (helmet restricted)
rPois    .         Spirit   .   (no amulet)
rElec    .         Reflect  .   (no ring)
rCorr    .         Harm     .   (no ring)
MR       .....                  (no ring)
Stlth    ++........             (no ring)
HPRegen  0.06/turn              (no ring)
MPRegen  0.09/turn              (no ring)
                                (no ring)
                                (no ring)

@: no status effects
A: almost no armour, stealthy swim, amphibious, 8 rings, constrict 8, camouflage
1, gelatinous body 1
a: no special abilities


You were on level 1 of the Dungeon.
You were not hungry.

You visited 1 branch of the dungeon, and saw 1 of its levels.

Inventory:

Missiles
 a - 29 arrows
Scrolls
 d - a scroll of magic mapping {unknown}
 e - 2 scrolls of enchant armour {unknown}
 f - a scroll of identify {unknown}
Comestibles
 b - 2 chunks of flesh
 c - a ration


   Skills:
 + Level 1.3 Fighting
 + Level 2.2 Dodging
 * Level 3.3 Unarmed Combat
 - Level 2.0 Spellcasting
 - Level 2.0 Transmutations


You had 4 spell levels left.
You knew the following spells:

 Your Spells              Type           Power        Failure   Level  Hunger
a - Beastly Appendage     Tmut           #.....       10%         1    #......

Your spell library contained the following spells:

 Spells                   Type           Power        Failure   Level  Hunger
 Sticks to Snakes         Tmut           #.......     14%         2    ###....
 Spider Form              Tmut/Pois      #.........   41%         3    ###....
 Ice Form                 Ice/Tmut       #.......     82%         4    #####..
 Blade Hands              Tmut           #.........   95%         5    ######.


Dungeon Overview and Level Annotations

Branches:
Dungeon (1/15)

Altars:


Innate Abilities, Weirdness & Mutations

You cannot wear most types of armour.
You are very stealthy in the water. (Stealth+)
You are amphibious.
You can wear up to eight rings at the same time.
You can use your tentacles to constrict eight enemies at once.
Your skin changes colour to match your surroundings (Stealth+).
Your rubbery body absorbs attacks. (AC +1, EV +1)


Message History

You constrict the dart slug. The bat barely misses you.
The leopard gecko misses you. The dart slug launches a dart at you.
The slug dart hits you!
* * * LOW HITPOINT WARNING * * *
You completely miss the dart slug.
The dart slug is heavily wounded.
You constrict the dart slug. The bat closely misses you.
The leopard gecko completely misses you.
Unknown command.
You tentacle-slap the dart slug.
You kill the dart slug!
The bat hits you.
* * * LOW HITPOINT WARNING * * *
The leopard gecko misses you.
Unknown command.
You closely miss the leopard gecko. You grab the leopard gecko.
You constrict the leopard gecko. The bat completely misses you.
The leopard gecko barely misses you. The leopard gecko bites you.
You die...

#....#######....(..##
##.##........##.##.##
###.##.#####..##.##..#
#.....(# #..##...÷..
#.#$##.#####..#####..#
#.#.......##..#####..#
#.##...##.##.........#
+.....b...............
#...l@.......####....#
#####†....... #.#..#
#.###.### #....# #.#
.# #.)### #.# # #..# #
#.# #..### #.# #.....
#.# ##.### #.###


You could see a leopard gecko and a bat.

Vanquished Creatures
  A dart slug (D:1)
  2 hobgoblins (D:1)
  3 kobolds (D:1)
  5 rats (D:1)
11 creatures vanquished.

Notes
Turn   | Place    | Note
-------+----------+-------------------------------------------
     0 | D:1      | Hasart the Octopode Transmuter began the quest for the Orb.
     0 | D:1      | Reached XP level 1. HP: 13/13 MP: 3/3
   156 | D:1      | Reached XP level 2. HP: 14/18 MP: 5/5
   267 | D:1      | Slain by a leopard gecko

Levels and vault maps discovered:
D:1:      dpeg_arrival_pits, layout_loops_corners, minmay_tetromino_t4

Action                   || total
-------------------------++-------
Melee: Unarmed           ||    22
       Constrict         ||     8
       Tentacles         ||     5
       Punch             ||     1
 Stab: Sleeping          ||     1
Dodge: Dodged            ||    16

Table legend:
 A = Non-vault XP
 B = Vault XP
 C = Vault XP percentage of total XP
 D = Non-vault monster count
 E = Vault monster count
 F = Vault count percentage of total count
                 A         B        C        D         E       F
            +---------+---------+-------+---------+---------+-------
      Total |      17 |       0 |   0.0 |      11 |       0 |   0.0
            +---------+---------+-------+---------+---------+-------
        D:1 |      17 |       0 |   0.0 |      11 |       0 |   0.0
            +---------+---------+-------+---------+---------+-------
